 Dungeon Crawl Stone Soup version 0.17.0-24-gcfadda4 (webtiles) character file.

433548 HungrySpirit the Evocator (level 22, -11/107 HPs)
             Began as a Spriggan Necromancer on Nov 16, 2015.
             Was the Champion of Okawaru.
             Killed from afar by an orb of fire (17 damage)
             ... with a fireball
             ... on level 5 of the Realm of Zot on Nov 17, 2015.
             The game lasted 04:41:41 (79018 turns).

HungrySpirit the Evocator (Spriggan Necromancer)   Turns: 79018, Time: 04:41:41

Health: -11/107    AC:  6    Str:  4    XL:     22   Next: 57%
Magic:  41/43      EV: 47    Int: 22    God:    Okawaru [******]
Gold:   737        SH: 13    Dex: 28    Spells: 9 memorised, 17 levels left

rFire  + + +     SeeInvis +     y - +9 quick blade (pierce)
rCold  + . .     Clarity  .     U - +2 robe {rF+}
rNeg   + . .     SustAt   .     H - +3 buckler of Shielding {rN+ Dex+3 SInv Stlth+}
rPois  +         Gourm    .     b - +1 hat of Boxte {+Fly Int+4}
rElec  +         Spirit   .     K - +0 cloak {+Inv}
rCorr  +         Warding  .     (gloves unavailable)
rMut   .         Stasis   .     (boots unavailable)
MR     +++..                    V - amulet of faith
Stlth  +++++++++.               I - ring of protection from fire
                                A - ring of Shaolin {EV+8}

@: resistant, very slightly contaminated, hasted, deflect missiles, very quick,
extremely resistant to hostile enchantments, incredibly stealthy
A: unfitting armour, see invisible, herbivore 3, speed 3, slow metabolism 2,
spit poison 1
a: Spit Poison, Heroism, Finesse, Renounce Religion, Evoke Invisibility, Evoke
Flight
}: 3/15 runes: serpentine, barnacled, slimy


You were on level 5 of the Realm of Zot.
You worshipped Okawaru.
Okawaru was exalted by your worship.
You were not hungry.

You visited 11 branches of the dungeon, and saw 60 of its levels.
You visited the Abyss 1 time.
You also visited: Ice Cave and Volcano.

You collected 5254 gold pieces.
You spent 4517 gold pieces at shops.

Inventory:

Hand Weapons
 p - the +3 falchion of Victory {freeze, rElec Str+4}
   (Okawaru gifted it to you on level 4 of the Shoals)

   It has been specially enchanted to freeze those struck by it, causing extra
   injury to most foes and up to half again as much damage against particularly
   susceptible opponents.
   It can also slow down cold-blooded creatures.
   It affects your strength (+4).
   It insulates you from electricity.
 y - a +9 quick blade of piercing (weapon)
 L - the +10 rapier of Valuable Assets {flame, rC+}
   (Okawaru gifted it to you on level 4 of the Snake Pit)

   It has been specially enchanted to burn those struck by it, causing extra
   injury to most foes and up to half again as much damage against particularly
   susceptible opponents.
   It protects you from cold.
 O - the +7 dagger "Ficu" {pierce, rC+++ Str+4 Dex-2}
   (Okawaru gifted it to you on level 3 of the Snake Pit)

   It inflicts extra damage upon your enemies.
   It affects your strength (+4).
   It affects your dexterity (-2).
   It renders you almost immune to cold.
Armour
 a - a +2 cloak of poison resistance
 b - the +1 hat of Boxte (worn) {+Fly Int+4}
   (Okawaru gifted it to you on level 7 of the Lair of Beasts)

   It affects your intelligence (+4).
   It lets you fly.
 H - the +3 buckler of Shielding (worn) {rN+ Dex+3 SInv Stlth+}
   (Okawaru gifted it to you on level 4 of the Orcish Mines)

   It affects your dexterity (+3).
   It protects you from negative energy.
   It lets you see invisible.
   It makes you more stealthy.
 K - a +0 cloak of invisibility (worn)
 U - a +2 robe of fire resistance (worn)
Rods
 E - a +9 iron rod (17/17)
   (You found it on level 9 of the Dungeon)
Jewellery
 j - an uncursed ring of wizardry
 k - the ring "Miymogg" {MR+ EV+3}
   (You found it on level 5 of the Depths)

   [ring of evasion]

   It affects your evasion (+3).
   It affects your resistance to hostile enchantments.
 A - the ring of Shaolin (left hand) {EV+8}
   (You bought it in a shop on level 6 of the Dungeon)

   [ring of evasion]

   It affects your evasion (+8).
 F - the ring "Uclumac" {rC+ Str+5 Stlth+}
   (You found it on level 2 of the Vaults)

   [ring of strength]

   It affects your strength (+5).
   It protects you from cold.
   It makes you more stealthy.
 I - a ring of protection from fire (right hand)
 V - an amulet of faith (around neck)
Wands
 W - a wand of disintegration (0)
 Z - a wand of digging (3)
Scrolls
 f - 22 scrolls of remove curse
 m - a scroll of summoning
 u - a scroll of fear
 w - 10 scrolls of teleportation
 C - 7 scrolls of fog
 D - 9 scrolls of enchant armour
 J - 2 scrolls of identify
 X - 4 scrolls of amnesia
Potions
 d - 3 potions of brilliance
 g - 2 potions of flight
 n - a potion of heal wounds
 o - 3 potions of cure mutation
 q - 15 potions of curing
 s - 7 potions of lignification
 z - 5 potions of might
 B - 3 potions of invisibility
 G - 4 potions of agility
 N - 2 potions of magic
 T - a potion of cancellation
 Y - a potion of berserk rage
Books
 i - a book of Enchantments

   Spells                             Type                      Level
   a - Cause Fear                     Hexes                        4
   b - Silence                        Hexes/Air                    5
   c - Deflect Missiles               Charms/Air                   6
   d - Haste                          Charms                       6
   e - Discord                        Hexes                        8
Miscellaneous
 l - a legendary deck of defence {drawn: 1}
 t - a phial of floods
 v - a legendary deck of wonders {the Mercenary, drawn: 3}
 P - a fan of gales
 R - a lamp of fire
Comestibles
 c - 20 bread rations
 S - 20 fruits


   Skills:
 + Level 8.1 Fighting
 * Level 17.0 Short Blades
 - Level 18.0 Dodging
 - Level 16.1 Stealth
 - Level 7.6 Shields
 + Level 16.7 Spellcasting
 - Level 20.3 Hexes
 + Level 13.1 Charms
 - Level 3.6 Necromancy
 - Level 7.3 Air Magic
 + Level 23.2 Evocations


You had 17 spell levels left.
You knew the following spells:

 Your Spells              Type           Power        Failure   Level  Hunger
a - Discord               Hex            #######...   6%          8    #######
b - Regeneration          Chrm/Necr      ######....   1%          3    None
c - Blink                 Tloc           N/A          6%          2    None
d - Repel Missiles        Chrm/Air       ######       1%          2    None
e - Deflect Missiles      Chrm/Air       ######....   10%         6    ####...
f - Cure Poison           Pois           ###.......   6%          2    None
g - Confuse               Hex            #######.     0%          3    None
h - Haste                 Chrm           ######..     2%          6    ####...
i - Silence               Hex/Air        ######....   1%          5    ##.....


Dungeon Overview and Level Annotations

Branches:
Dungeon (15/15)            Temple (1/1) D:4            Lair (8/8) D:8
 Shoals (4/4) Lair:3        Snake (4/4) Lair:4        Slime (6/6) Lair:6
    Orc (4/4) D:11            Elf (3/3) Orc:3        Vaults (5/5) D:14
  Crypt (0/3) Vaults:2     Depths (5/5) D:15            Zot (5/5) Depths:5

Altars:
Ashenzari
Cheibriados
Dithmenos
Elyvilon
Fedhas
Gozag
Kikubaaqudgha
Makhleb
Nemelex Xobeh
Okawaru
Qazlal
Ru
Sif Muna
Trog
Vehumet
Xom
Yredelemnul
Zin
The Shining One
Beogh
Jiyva

Shops:
D:6 =   D:7 (   D:13 *   D:15 (   Orc:2 (   Orc:4 [:%[   Elf:1 *}   Elf:2 !
Elf:3 *   Shoals:2 (   Snake:4 (   Vaults:1 !!%(   Vaults:3 %

Portals:
Hell: Depths:1 Depths:2 Depths:4 Depths:5
Abyss: Depths:4
Pandemonium: Depths:1 Depths:3
Ziggurat: Depths:5
Trove: Depths:5 (give +3 gold dragon armour)

Annotations:
D:5 ConnectionFaild's ghost, novice GrHu; Sigmund
D:9 exclusions: ice statue and orange crystal statue
Lair:5 exclusion: oklob plant
Lair:8 exclusion: oklob plant
Shoals:4 Ilsuiw
Snake:1 Aizul
Snake:3 Mara
Elf:2 3 runed doors
Depths:5 exclusion: upstairs
Zot:5 herpmino's ghost, legendary HaCj


Innate Abilities, Weirdness & Mutations

You are tiny and cannot use many weapons and most armour.
You have supernaturally acute eyesight.
You are a herbivore.
You cover ground extremely quickly.
You need consume almost no food.
You can spit weak poison.


Message History

The Orb Guardian moves out of view.
An Orb Guardian comes into view.
Unknown command.
You block the Orb Guardian's attack. The Orb Guardian hits you!!!
* * * LOW HITPOINT WARNING * * *
Unknown command.
Casting: Blink
Confirm with . or Enter, or press ? or * to list all spells.
Okay, then.
Casting: Blink
Confirm with . or Enter, or press ? or * to list all spells.
You blink.
The orb of fire glows red.
The fireball explodes!
The fireball engulfs you! You resist.
* * * LOW HITPOINT WARNING * * *
The fireball engulfs the orb of fire.
The orb of fire completely resists.
The fireball engulfs the orb of fire.
The orb of fire completely resists.
The orb of fire glows bright magenta.
The fireball explodes!
The fireball engulfs you! You resist.
You die...

▓▓▓... ▓▓▓............
▓▓.............. ▓▓ ▓▓
▓............... .. ..X
▓............... .. ....
▓.....(............. ..
...^.▓..X.....*8.......... X.
......XX.^....*............▓
.
....X▓..X....@...*..........▓
. ...
▓.....y*................ .
▓.......X...............
#..........z............
##..........*...........
##▓.........§.........▓
▓▓▓▓...............▓
#▓▓▓▓▓▓▓▓▓▓▓##.....▓▓
###......HH8.pX.......#


You could see 5 orbs of fire, an electric golem, a curse toe, 5 Orb Guardians
and a moth of wrath.

Vanquished Creatures
  the royal jelly (Slime:6)
  A Killer Klown (Zot:5)
  A golden dragon (Zot:3)
  A bone dragon (Depths:5)
  Jorgrun (Depths:1)
  3 tentacled monstrosities
  2 Orb Guardians (Zot:5)
  Asterion (Elf:3)
  2 deep elf blademasters (Elf:3)
  4 acid blobs
  A quicksilver dragon (Depths:4)
  Polyphemus (Shoals:2)
  A death cob (Zot:4)
  3 shadow dragons
  A tengu reaver (Vaults:3)
  A draconian monk (Depths:5)
  10 storm dragons
  A frost giant (Depths:4)
  4 greater nagas
  3 fire giants
  Maud (D:10)
  5 vault wardens
  10 deep elf sorcerers (Elf:3)
  Louise (Elf:3)
  A draconian zealot (Zot:3)
  An orc warlord (Orc:4)
  An emperor scorpion (D:15)
  2 draconian shifters
  A draconian annihilator (Zot:4)
  5 very ugly things
  8 ironheart preservers
  4 green draconians
  5 stone giants
  7 deep elf demonologists
  A black draconian (Zot:4)
  Azrael (D:14)
  A dire elephant (D:15)
  7 deep elf annihilators (Elf:3)
  A purple draconian (Zot:4)
  4 red draconians
  3 yellow draconians
  2 salamander stormcallers
  A mottled draconian (Depths:5)
  An eidolon (Vaults:2)
  Snorg (D:11)
  8 ettins
  9 merfolk javelineers
  16 ogre magi
  4 deep elf death magi
  5 crystal guardians (Elf:3)
  9 yaktaur captains
  Erolcha (Orc:1)
  8 vault guards (D:14)
  4 fire dragons
  A rakshasa (Depths:2)
  8 merfolk impalers
  3 deep elf high priests
  5 ice dragons
  Fannar (D:11)
  3 great orbs of eyes
  Harold (Orc:1)
  2 spriggan air magi
  5 centaur warriors
  19 naga warriors
  3 hydras
  2 deep troll shamans
  3 merfolk avatars
  Erica (D:10)
  3 dancing weapons (Elf:2)
  An alligator snapping turtle (Shoals:4)
  3 catoblepae
  13 anacondas
  A tengu warrior (Depths:3)
  An orc high priest (Vaults:1)
  A satyr (Shoals:2)
  8 shock serpents
  A queen ant (shapeshifter) (D:15)
  19 death yaks
  Urug (D:12)
  2 spriggan berserkers
  A vampire mage (Depths:1)
  14 naga sharpshooters
  A salamander mystic (Snake:4)
  10 deep trolls
  2 shadow wraiths (Vaults:4)
  A fire crab (shapeshifter) (Elf:3)
  8 skeletal warriors
  3 fire crabs
  13 sea snakes
  9 deep elf summoners
  12 deep elf knights
  2 giant orange brains
  5 unseen horrors
  4 naga ritualists
  A phantasmal warrior (Vaults:2)
  7 ironbrand convokers
  A mana viper (shapeshifter) (Depths:5)
  5 wolf spiders
  A lindwurm (Lair:8)
  7 hill giants
  8 salamanders
  11 orc knights
  2 hornets (Vaults:3)
  19 harpies
  11 deep elf conjurers
  11 ugly things
  6 mana vipers
  10 manticores
  2 necromancers
  12 griffons
  3 water nymphs
  13 cyclopes
  12 orc sorcerers
  29 slime creatures
  2 wizards
  4 fauns (Shoals:2)
  8 naga magi
  A guardian serpent (shapeshifter) (Vaults:3)
  12 elephants
  7 sirens
  7 moths of wrath
  5 guardian serpents (Snake:4)
  Joseph (D:10)
  8 vault sentinels
  15 spiny frogs
  2 torpor snails
  A molten gargoyle (Volcano)
  4 centaur skeletons
  29 black mambas
  A black mamba (shapeshifter) (Depths:3)
  49 yaktaurs
  9 komodo dragons
  2 yaktaurs (shapeshifter)
  8 freezing wraiths
  3 trolls
  2 tengu conjurers (Depths:3)
  A queen bee (D:9)
  3 fire drakes
  12 deep elf priests
  30 merfolk
  32 two-headed ogres
  5 wind drakes
  Prince Ribbit (Lair:1)
  7 polar bears
  13 blink frogs
  7 snapping turtles
  3 boulder beetles
  A trapdoor spider (shapeshifter) (Vaults:4)
  A stone giant simulacrum (Vaults:4)
  7 redbacks
  2 spriggans
  6 air elementals
  23 deep elf magi
  A spriggan (shapeshifter) (Vaults:3)
  2 tarantellas
  3 basilisks
  A basilisk (shapeshifter) (D:13)
  A human (shapeshifter) (Vaults:1)
  2 hungry ghosts
  58 yaks
  12 water elementals
  2 shadows
  3 wraiths
  A yaktaur simulacrum (Vaults:4)
  A wyvern (D:15)
  5 fire elementals
  2 fire bats (Volcano)
  A hog (shapeshifter) (D:15)
  A human (Zot:4)
  15 wargs
  54 nagas
  21 deep elf fighters
  12 vampire mosquitoes
  Menkaure (D:4)
  16 hippogriffs
  4 mottled dragons
  28 wolves
  11 porcupines
  Duvessa (D:6)
  2 wasps
  An eye of draining (D:10)
  13 water moccasins
  48 orc warriors
  3 hell hounds (D:14)
  10 ice beasts
  5 spiders (Snake:4)
  4 black bears
  A human skeleton (Vaults:4)
  24 centaurs
  2 necrophages
  2 sky beasts
  2 black bears (shapeshifter)
  2 boggarts (Depths:3)
  4 phantoms
  17 crocodiles
  3 big kobolds
  4 brain worms (D:15)
  60 ogres
  An earth elemental (Volcano)
  A water moccasin zombie (D:7)
  23 giant frogs
  Dowan (D:6)
  4 scorpions
  2 troll zombies (D:11)
  29 killer bees
  4 wights
  4 electric eels
  5 centaur zombies
  6 crimson imps
  6 jellies
  2 giant frog zombies
  3 hounds
  13 iguanas
  Crazy Yiuf (D:5)
  3 giant frog skeletons
  27 orc priests
  11 worker ants
  Jessica (D:3)
  61 orc wizards
  12 hell rats
  31 sheep
  6 ogre zombies (D:11)
  2 hound skeletons
  15 adders
  58 river rats
  9 shadow imps
  An ooze (D:2)
  A worm (D:2)
  An adder skeleton (D:7)
  2 adder zombies
  205 orcs
  3 ball pythons
  5 giant cockroaches
  8 hobgoblins
  22 kobolds
  3 quokkas
  21 bats
  7 giant geckos
  A giant gecko skeleton (D:5)
  3 giant newts
  13 goblins
  A goblin skeleton (D:11)
  3 goblin zombies (D:11)
  A hobgoblin skeleton (D:11)
  2 hobgoblin zombies (D:11)
  4 jackals (D:3)
  4 orc skeletons (D:11)
  14 orc zombies (D:11)
  A quokka skeleton (D:4)
  31 rats
  2 butterflies (D:4)
  2 crawling corpses (Elf:1)
  A fungus (Lair:5)
  A plant (Shoals:2)
2053 creatures vanquished.

Vanquished Creatures (collateral kills)
  Mennas (Vaults:3)
  5 Orb Guardians (Zot:5)
  Rupert (D:13)
  A tentacled monstrosity (Zot:5)
  A shadow dragon (Vaults:4)
  A fire giant (Depths:3)
  5 greater nagas (Snake:4)
  An ironheart preserver (Vaults:1)
  2 red draconians
  15 vault guards (Vaults:5)
  2 yaktaur captains
  An ogre mage (Depths:3)
  An entropy weaver (Depths:3)
  A naga warrior (Snake:4)
  A centaur warrior (Vaults:4)
  A rakshasa (Depths:3)
  A tengu warrior (Depths:1)
  2 deep troll shamans (Vaults:4)
  2 deep troll earth magi (Depths:1)
  A merfolk aquamancer (Shoals:4)
  4 naga sharpshooters (Snake:4)
  A fire crab (Vaults:4)
  3 deep trolls (Vaults:4)
  A naga ritualist (Snake:4)
  A flayed ghost (Depths:3)
  2 orc knights (Vaults:4)
  A black mamba (Snake:4)
  A vault sentinel (Vaults:5)
  2 naga magi (Snake:4)
  2 yaktaurs (Vaults:3)
  A komodo dragon (Lair:1)
  A merfolk (Shoals:4)
  2 two-headed ogres (Vaults:4)
  2 redbacks (Depths:3)
  A water elemental (Depths:3)
  A warg (Vaults:4)
  4 nagas (Snake:4)
  An ogre (Depths:3)
  2 spiders (Snake:4)
  A boggart (Depths:3)
  A crocodile (Lair:1)
  An orc wizard (Vaults:4)
  An orc (Vaults:5)
83 creatures vanquished.

Vanquished Creatures (others)
  A storm dragon (Zot:5)
  A deep elf demonologist (Elf:2)
  A salamander stormcaller (Vaults:3)
  2 vault guards (Vaults:5)
  A deep elf high priest (Elf:3)
  A merfolk aquamancer (Shoals:3)
  A harpy (shapeshifter) (Depths:1)
  2 moths of wrath (Zot:5)
  A yaktaur (Vaults:2)
  A deep elf mage (Elf:1)
  A water elemental (Shoals:3)
  2 ogres (Vaults:4)
  5 orcs
  2 rats (D:8)
  2 crawling corpses (Depths:5)
  40 fungi
  72 plants
136 creatures vanquished.

Grand Total: 2272 creatures vanquished

Notes
Turn   | Place    | Note
--------------------------------------------------------------
     0 | D:1      | HungrySpirit the Spriggan Necromancer began the quest for the Orb.
     0 | D:1      | Reached XP level 1. HP: 9/9 MP: 5/5
   368 | D:1      | Reached skill level 1 in Short Blades
   626 | D:1      | Reached XP level 2. HP: 11/13 MP: 4/6
  1207 | D:1      | Reached skill level 4 in Stealth
  1588 | D:1      | Reached XP level 3. HP: 7/16 MP: 6/8
  2302 | D:2      | Found a white marble altar of Elyvilon.
  3192 | D:2      | Found a sacrificial altar of Ru.
  3241 | D:3      | Noticed an ogre
  3655 | D:2      | Reached XP level 4. HP: 7/21 MP: 9/9
  4041 | D:3      | Noticed Jessica
  4044 | D:3      | Killed Jessica
  4044 | D:3      | Reached skill level 5 in Stealth
  5062 | D:3      | Gained mutation: You are partially covered in rugged brown scales (AC +1, +3% HP). [potion of beneficial mutation]
  5412 | D:4      | Reached XP level 5. HP: 14/24 MP: 10/10
  5690 | D:4      | Found a bloodstained altar of Trog.
  5716 | D:4      | Found a staircase to the Ecumenical Temple.
  5721 | Temple   | Entered the Ecumenical Temple
  6015 | D:4      | Found an iron altar of Okawaru.
  6038 | D:4      | Became a worshipper of Warmaster Okawaru
  6168 | D:4      | Noticed Menkaure
  6600 | D:5      | Entered Level 5 of the Dungeon
  6600 | D:5      | Noticed Sigmund
  6612 | D:5      | Noticed a centaur
  6959 | D:4      | Killed Menkaure
  6959 | D:4      | Reached skill level 1 in Fighting
  6959 | D:4      | Reached skill level 5 in Short Blades
  6959 | D:4      | Reached skill level 6 in Stealth
  6959 | D:4      | Reached XP level 6. HP: 12/30 MP: 11/11
  7224 | D:4      | Noticed a phantom
  7227 | D:4      | Killed a phantom
  7379 | D:5      | Found a basalt altar of Yredelemnul.
  7618 | D:5      | Reached * piety under Okawaru
  7618 | D:5      | Reached XP level 7. HP: 35/35 MP: 12/12
  7634 | D:5      | Reached skill level 7 in Stealth
  7741 | D:5      | Noticed ConnectionFaild's ghost (novice GrHu)
  7815 | D:4      | Noticed a phantom
  7876 | D:5      | Reached skill level 1 in Evocations
  7990 | D:5      | Noticed Crazy Yiuf
  8031 | D:5      | Noticed a centaur
  8323 | D:5      | Killed a centaur
  8639 | D:6      | Noticed Duvessa
  8643 | D:6      | Noticed Dowan
  8770 | D:6      | Got a fine robe
  8785 | D:6      | Identified the +0 robe "Xunkesch" {Int+4} (You found it on level 6 of the Dungeon)
  9585 | D:7      | Found a shattered altar of Ashenzari.
  9589 | D:7      | Saw a vision of the Shoals and the Snake Pit.
  9589 | D:7      | Noticed a merfolk
  9589 | D:7      | Noticed a naga mage
  9589 | D:7      | Noticed a sea snake
  9589 | D:7      | Noticed a black mamba
  9589 | D:7      | Noticed a salamander
  9589 | D:7      | Noticed a sea snake
  9589 | D:7      | Noticed a black mamba
  9589 | D:7      | Noticed a naga mage
  9589 | D:7      | Noticed a black mamba
  9590 | D:7      | Noticed an anaconda
  9591 | D:7      | Noticed a naga mage
  9680 | D:6      | Reached XP level 8. HP: 7/40 MP: 10/13
 10086 | D:6      | Reached skill level 8 in Stealth
 10417 | D:6      | Found Latutsus's Jewellery Shop.
 10501 | D:5      | Killed Crazy Yiuf
 10513 | D:5      | Killed a centaur
 10775 | D:6      | Killed Dowan
 11285 | D:6      | Killed Duvessa
 11376 | D:7      | Reached ** piety under Okawaru
 11462 | D:7      | Reached skill level 9 in Stealth
 11702 | D:7      | Found Foudaihi's Antique Weapon Shop.
 11752 | D:7      | Found a shadowy altar of Dithmenos.
 11796 | D:7      | Reached skill level 5 in Evocations
 11942 | D:7      | Found a deep blue altar of Sif Muna.
 12212 | D:8      | Noticed a purple ugly thing
 12255 | D:7      | Reached XP level 9. HP: 23/45 MP: 14/14
 12471 | D:7      | Reached skill level 5 in Dodging
 12505 | D:8      | Reached skill level 10 in Stealth
 12591 | D:8      | Learned a level 3 spell: Regeneration
 12759 | D:8      | Found a radiant altar of Vehumet.
 13292 | D:8      | Reached *** piety under Okawaru
 13325 | D:8      | Found a staircase to the Lair.
 13332 | D:8      | Gained mutation: You can translocate small distances at will. [potion of beneficial mutation]
 13444 | D:8      | Killed a purple ugly thing
 13444 | D:8      | Reached skill level 11 in Stealth
 14208 | Lair:1   | Entered Level 1 of the Lair of Beasts
 14228 | Lair:1   | Noticed Prince Ribbit
 14241 | Lair:1   | Reached **** piety under Okawaru
 14257 | Lair:1   | Killed Prince Ribbit
 14257 | Lair:1   | Reached XP level 10. HP: 50/50 MP: 17/17
 14280 | Lair:1   | Reached skill level 12 in Stealth
 14292 | Lair:1   | Noticed a six-headed hydra
 14294 | Lair:1   | Killed a six-headed hydra
 14335 | Lair:1   | Noticed a komodo dragon
 14355 | Lair:1   | Found a dark tunnel.
 14355 | Lair:1   | Noticed a fire drake
 14357 | Lair:1   | Killed a fire drake
 14357 | Lair:1   | Reached ***** piety under Okawaru
 14362 | Volcano  | Entered a volcano
 14458 | Volcano  | Found a radiant altar of Vehumet.
 14504 | Volcano  | Found a radiant altar of Vehumet.
 14586 | Lair:1   | Reached skill level 13 in Stealth
 14695 | Lair:1   | Noticed a spiny frog
 14717 | Lair:1   | Killed a spiny frog
 14717 | Lair:1   | Received a gift from Okawaru
 14766 | Lair:1   | Reached skill level 10 in Dodging
 15058 | Lair:1   | Noticed a komodo dragon
 15065 | Lair:1   | Killed a komodo dragon
 15102 | Lair:1   | Reached skill level 10 in Evocations
 15116 | Lair:1   | Reached XP level 11. HP: 32/53 MP: 17/19
 15560 | Lair:2   | Reached skill level 10 in Short Blades
 15801 | Lair:2   | Found a frozen archway.
 15814 | Lair:2   | Reached skill level 14 in Stealth
 15851 | IceCv    | Entered an ice cave
 16179 | IceCv    | Received a gift from Okawaru
 16182 | IceCv    | Got a crystal short sword {god gift}
 16183 | IceCv    | Identified the +1 short sword of Pride {venom, Int+4} (Okawaru gifted it to you in an ice cave)
 16437 | IceCv    | Noticed a frost giant
 17414 | Lair:3   | Reached skill level 15 in Stealth
 17509 | Lair:3   | Received a gift from Okawaru
 17509 | Lair:3   | Reached XP level 12. HP: 54/57 MP: 21/21
 18071 | Lair:3   | Found a staircase to the Shoals.
 18762 | Lair:4   | Reached skill level 16 in Stealth
 19247 | Lair:4   | Learned a level 2 spell: Blink
 19250 | Lair:4   | Learned a level 2 spell: Repel Missiles
 19371 | Lair:4   | Reached skill level 1 in Charms
 19456 | Lair:4   | Reached ****** piety under Okawaru
 19476 | Lair:4   | Found a staircase to the Snake Pit.
 19634 | Lair:4   | You fall through a shaft!
 19680 | Lair:4   | Learned a level 6 spell: Deflect Missiles
 20948 | Lair:5   | Received a gift from Okawaru
 20954 | Lair:5   | Reached XP level 13. HP: 61/61 MP: 21/23
 20983 | Lair:5   | Found a blossoming altar of Fedhas.
 21482 | Lair:6   | Reached skill level 5 in Charms
 21542 | Lair:6   | Found a viscous altar of Jiyva.
 21545 | Lair:6   | Found a staircase to the Slime Pits.
 22406 | Lair:6   | Got a flickering steel ring
 23234 | Lair:7   | Identified the ring "Toell" {Fire +Inv} (You found it on level 6 of the Lair of Beasts)
 23629 | Lair:7   | Received a gift from Okawaru
 23629 | Lair:7   | Reached skill level 15 in Dodging
 23634 | Lair:7   | Got a faintly glowing hat {god gift}
 23635 | Lair:7   | Identified the +1 hat of Boxte {+Fly Int+4} (Okawaru gifted it to you on level 7 of the Lair of Beasts)
 24826 | Lair:8   | Entered Level 8 of the Lair of Beasts
 25825 | Lair:8   | Received a gift from Okawaru
 25881 | Lair:8   | Reached XP level 14. HP: 66/66 MP: 26/26
 26143 | Lair:8   | Reached skill level 15 in Evocations
 26487 | Lair:8   | Received a gift from Okawaru
 26657 | Lair:8   | Reached skill level 10 in Charms
 27900 | D:9      | Noticed an orange crystal statue
 27963 | D:9      | Noticed an ice statue
 28012 | D:9      | Noticed a hill giant
 28028 | D:9      | Killed a hill giant
 28902 | D:10     | Entered Level 10 of the Dungeon
 28921 | D:10     | Noticed Maud
 28939 | D:10     | Killed Maud
 28939 | D:10     | Received a gift from Okawaru
 29108 | D:10     | Noticed Joseph
 29112 | D:10     | Killed Joseph
 29160 | D:10     | Received a gift from Okawaru
 29174 | D:10     | Noticed Erica
 29179 | D:10     | Killed Erica
 29542 | D:11     | Noticed Snorg
 29564 | D:11     | Killed Snorg
 29576 | D:11     | Received a gift from Okawaru
 29805 | D:11     | Found a staircase to the Orcish Mines.
 30065 | D:11     | Noticed Fannar
 30116 | D:11     | Killed Fannar
 30116 | D:11     | Reached skill level 17 in Dodging
 30222 | Orc:1    | Entered Level 1 of the Orcish Mines
 30424 | Orc:1    | Noticed Erolcha
 30433 | Orc:1    | Killed Erolcha
 30635 | Orc:2    | Found Moedwiomn's Antique Weapon Shop.
 30995 | Orc:2    | Learned a level 2 spell: Cure Poison
 31314 | Orc:2    | Found a bloodstained altar of Trog.
 31591 | Orc:1    | Noticed Harold
 31610 | Orc:1    | Killed Harold
 32067 | Orc:3    | Found a staircase to the Elven Halls.
 32212 | Orc:3    | Found a bloodstained altar of Trog.
 32526 | Orc:4    | Entered Level 4 of the Orcish Mines
 32580 | Orc:4    | Reached XP level 15. HP: 70/70 MP: 25/28
 33035 | Orc:4    | Noticed an orc warlord
 33296 | Orc:4    | Killed an orc warlord
 33729 | Orc:4    | Found Heexoeck's Armour Shop.
 33729 | Orc:4    | Found Meusuu Dufell's Food Emporium.
 33859 | Orc:4    | Received a gift from Okawaru
 33907 | Orc:4    | Found a roughly hewn altar of Beogh.
 34184 | Orc:4    | Found Samanuh's Antique Armour Emporium.
 34184 | Orc:4    | Found Tyonuux's Book Shop.
 34273 | Orc:4    | Bought a bread ration for 70 gold pieces
 34273 | Orc:4    | Bought a bread ration for 70 gold pieces
 34273 | Orc:4    | Bought a bread ration for 70 gold pieces
 34273 | Orc:4    | Bought a bread ration for 70 gold pieces
 34273 | Orc:4    | Bought a bread ration for 70 gold pieces
 34304 | Orc:4    | Got a faintly humming buckler {god gift}
 34305 | Orc:4    | Identified the +3 buckler of Shielding {rN+ Dex+3 SInv Stlth+} (Okawaru gifted it to you on level 4 of the Orcish Mines)
 34322 | Orc:4    | Bought a book of Maledictions for 425 gold pieces
 34326 | Orc:4    | Learned a level 3 spell: Confuse
 35434 | D:6      | Bought the ring of Shaolin {EV+8} for 1408 gold pieces
 35720 | D:12     | Reached skill level 15 in Short Blades
 35803 | D:12     | Noticed Urug
 35809 | D:12     | Killed Urug
 36139 | D:13     | Noticed Rupert
 36212 | D:13     | Found Fyiv's Serpentskin Sales.
 36525 | D:13     | Killed Rupert
 37200 | D:14     | Found a gate to the Vaults.
 37394 | D:14     | Reached skill level 18 in Dodging
 37615 | D:14     | Reached skill level 1 in Hexes
 37974 | D:14     | Noticed Azrael
 38013 | D:14     | Reached skill level 1 in Shields
 38023 | D:14     | Killed Azrael
 38115 | D:14     | Received a gift from Okawaru
 38479 | D:15     | Entered Level 15 of the Dungeon
 38651 | D:15     | Got a twitching silver ring
 38652 | D:15     | Identified the ring "Rowedaj" {Fire MR+} (You found it on level 15 of the Dungeon)
 38818 | D:15     | Found a staircase to the Depths.
 38984 | D:15     | Reached skill level 5 in Spellcasting
 38984 | D:15     | Reached XP level 16. HP: 58/74 MP: 27/29
 39331 | D:15     | Found Wiwi's Antique Weapon Shop.
 39424 | D:15     | Received a gift from Okawaru
 39827 | Shoals:1 | Entered Level 1 of the Shoals
 39909 | Shoals:1 | Reached skill level 5 in Hexes
 40466 | Shoals:2 | Noticed Polyphemus
 40492 | Shoals:2 | Killed Polyphemus
 40494 | Shoals:2 | Found Ydacea's Antique Weapon Boutique.
 40860 | Shoals:1 | Reached skill level 5 in Shields
 40962 | Shoals:2 | Gained mutation: You are clumsy. (Dex -2) [mutagenic glow]
 41264 | Shoals:2 | Received a gift from Okawaru
 42635 | Shoals:3 | Received a gift from Okawaru
 42800 | Shoals:4 | Entered Level 4 of the Shoals
 43466 | Shoals:4 | Received a gift from Okawaru
 43469 | Shoals:4 | Got a dazzling falchion {god gift}
 43924 | Shoals:4 | Reached XP level 17. HP: 73/79 MP: 28/30
 44454 | Shoals:4 | Reached skill level 1 in Air Magic
 44672 | Shoals:4 | Gained mutation: Your body sometimes deteriorates upon taking damage. [mutagenic glow]
 45431 | Shoals:4 | Got a barnacled rune of Zot
 45499 | Shoals:4 | Noticed Ilsuiw
 45519 | Shoals:4 | Received a gift from Okawaru
 45529 | Shoals:4 | Lost mutation: You are clumsy. (Dex -2) [helix card]
 45529 | Shoals:4 | Gained mutation: Your magical capacity is low (-10% MP). [helix card]
 45658 | Shoals:3 | Identified the +3 falchion of Victory {freeze, rElec Str+4} (Okawaru gifted it to you on level 4 of the Shoals)
 45811 | Snake:1  | Entered Level 1 of the Snake Pit
 46534 | Snake:1  | Noticed Aizul
 47544 | Snake:1  | Reached skill level 5 in Fighting
 47589 | Snake:2  | Reached skill level 10 in Hexes
 47760 | Snake:2  | Received a gift from Okawaru
 47763 | Snake:2  | Got a crude short sword {god gift}
 47764 | Snake:2  | Identified the +4 short sword "Dragonslayer" {vamp, Str+5} (Okawaru gifted it to you on level 2 of the Snake Pit)
 48887 | Snake:3  | Noticed Mara
 48890 | Snake:3  | Noticed HungrySpirit's illusion
 49272 | Snake:3  | Received a gift from Okawaru
 49275 | Snake:3  | Got an ancient dagger {god gift}
 49276 | Snake:3  | Identified the +7 dagger "Ficu" {pierce, rC+++ Str+4 Dex-2} (Okawaru gifted it to you on level 3 of the Snake Pit)
 49506 | Snake:3  | Lost mutation: Your body sometimes deteriorates upon taking damage. [potion of cure mutation]
 49506 | Snake:3  | Lost mutation: You are partially covered in rugged brown scales (AC +1, +3% HP). [potion of cure mutation]
 49506 | Snake:3  | Lost mutation: Your magical capacity is low (-10% MP). [potion of cure mutation]
 50036 | Snake:4  | Entered Level 4 of the Snake Pit
 50646 | Snake:4  | Found Udaipo's Antique Weapon Shop.
 50971 | Snake:1  | Reached skill level 5 in Air Magic
 51352 | Orc:4    | Bought a book of Enchantments for 850 gold pieces
 51359 | Orc:4    | Learned a level 6 spell: Haste
 51400 | Elf:1    | Entered Level 1 of the Elven Halls
 51419 | Elf:1    | Received a gift from Okawaru
 51427 | Elf:1    | Got a crude robe {god gift}
 51433 | Elf:1    | Identified the +0 robe of Nobility {rC+ Str-4 Slay+3} (Okawaru gifted it to you on level 1 of the Elven Halls)
 51734 | Elf:1    | Reached XP level 18. HP: 70/86 MP: 30/32
 52019 | Elf:1    | Found Coschis's Assorted Antiques.
 52027 | Elf:1    | Bought a scroll of teleportation for 114 gold pieces
 52027 | Elf:1    | Bought a jewelled fluorescent wand for 152 gold pieces
 52027 | Elf:1    | Bought a scroll of magic mapping for 133 gold pieces
 52062 | Elf:1    | Found Ebeuvid's Gadget Boutique.
 52204 | Elf:2    | Found Harah's Distillery.
 52352 | Elf:2    | Found a runed gate.
 52352 | Elf:2    | Found a runed gate.
 52353 | Elf:2    | Found a runed gate.
 52365 | Elf:2    | Cast into the Abyss (a deep elf demonologist)
 52370 | Abyss:1  | Found a corrupted altar of Lugonu.
 52509 | Elf:2    | Escaped the Abyss
 52984 | Elf:3    | Entered Level 3 of the Elven Halls
 53138 | Elf:3    | Noticed Asterion
 53160 | Elf:3    | Killed Asterion
 53181 | Elf:3    | Found Lurett's General Store.
 53184 | Elf:3    | Bought a scroll of brand weapon for 280 gold pieces
 55391 | Elf:3    | Noticed Louise
 55403 | Elf:3    | Killed Louise
 55482 | Elf:3    | Received a gift from Okawaru
 57389 | Lair:1   | Killed a komodo dragon
 58345 | Snake:4  | Reached XP level 19. HP: 93/93 MP: 33/33
 58560 | Snake:4  | Reached skill level 19 in Evocations
 58768 | Snake:4  | Received a gift from Okawaru
 59097 | Snake:4  | Got a serpentine rune of Zot
 59432 | Snake:4  | Received a gift from Okawaru
 60043 | Snake:4  | Reached skill level 10 in Spellcasting
 60443 | Snake:4  | Received a gift from Okawaru
 60444 | Snake:4  | Got an encrusted rapier {god gift}
 60445 | Snake:4  | Identified the +10 rapier of Valuable Assets {flame, rC+} (Okawaru gifted it to you on level 4 of the Snake Pit)
 61223 | Vaults:1 | Entered Level 1 of the Vaults
 61280 | Vaults:1 | Found Myerch's Distillery.
 61893 | Vaults:1 | Received a gift from Okawaru
 62296 | Vaults:1 | Found Sumuogua's Distillery.
 62658 | Vaults:1 | Found a sacrificial altar of Ru.
 62662 | Vaults:1 | Found Zaytzopp's Weapon Shoppe.
 62672 | Vaults:1 | Found Zireich's Food Shoppe.
 62688 | Vaults:1 | Bought 2 fruits for 42 gold pieces
 62688 | Vaults:1 | Bought a bread ration for 70 gold pieces
 62688 | Vaults:1 | Bought a bread ration for 70 gold pieces
 62688 | Vaults:1 | Bought 3 fruits for 63 gold pieces
 62688 | Vaults:1 | Bought a slice of pizza for 21 gold pieces
 63455 | Vaults:2 | Found a staircase to the Crypt.
 63459 | Vaults:2 | Reached skill level 20 in Evocations
 63727 | Vaults:2 | Got a steaming amber ring
 64560 | Vaults:2 | Reached XP level 20. HP: 79/98 MP: 35/37
 64634 | Vaults:2 | Received a gift from Okawaru
 64643 | Vaults:2 | Identified the ring "Uclumac" {rC+ Str+5 Stlth+} (You found it on level 2 of the Vaults)
 64646 | Vaults:2 | Got a crude short sword {god gift}
 64647 | Vaults:2 | Identified the +5 short sword of Okawaru's Whim {pain, rC+ Str-3 Dex+11} (Okawaru gifted it to you on level 2 of the Vaults)
 66131 | Vaults:3 | Found Wali's Food Boutique.
 66138 | Vaults:3 | Bought a bread ration for 70 gold pieces
 66138 | Vaults:3 | Bought 3 fruits for 63 gold pieces
 66138 | Vaults:3 | Bought a bread ration for 70 gold pieces
 66138 | Vaults:3 | Bought a bread ration for 70 gold pieces
 66138 | Vaults:3 | Bought 3 fruits for 63 gold pieces
 66138 | Vaults:3 | Bought a bread ration for 70 gold pieces
 66138 | Vaults:3 | Bought a bread ration for 70 gold pieces
 66142 | Vaults:3 | Bought a slice of pizza for 21 gold pieces
 66142 | Vaults:3 | Bought a slice of pizza for 21 gold pieces
 66142 | Vaults:3 | Bought a slice of pizza for 21 gold pieces
 66221 | Vaults:3 | Received a gift from Okawaru
 66228 | Vaults:3 | Got a fabulously ornate robe {god gift}
 66229 | Vaults:3 | Identified the +0 robe of Creativity {Dex+3} (Okawaru gifted it to you on level 3 of the Vaults)
 66854 | Vaults:3 | Reached skill level 15 in Hexes
 67144 | Vaults:3 | Noticed Mennas
 67159 | Vaults:3 | Killed Mennas
 67159 | Vaults:3 | Reached skill level 21 in Evocations
 68167 | Vaults:4 | Received a gift from Okawaru
 68798 | Vaults:4 | Received a gift from Okawaru
 69242 | Vaults:4 | Learned a level 8 spell: Discord
 69851 | Vaults:4 | Received a gift from Okawaru
 70411 | Vaults:4 | Reached XP level 21. HP: 102/102 MP: 40/40
 70876 | Vaults:5 | Entered Level 5 of the Vaults
 71139 | Vaults:2 | Received a gift from Okawaru
 71142 | Vaults:2 | Got an ancient robe {god gift}
 71143 | Vaults:2 | Identified the +0 robe "Izunuv" {Int+3} (Okawaru gifted it to you on level 2 of the Vaults)
 71284 | Depths:1 | Entered Level 1 of the Depths
 71336 | Depths:1 | Noticed Jorgrun
 71339 | Depths:1 | Killed Jorgrun
 71365 | Depths:1 | You fall through a shaft!
 71373 | Depths:2 | Found a snail-covered altar of Cheibriados.
 71437 | Depths:2 | Found a gateway to Hell.
 71822 | Depths:1 | Found a one-way gate leading to the halls of Pandemonium.
 72328 | Depths:3 | Reached skill level 22 in Evocations
 72341 | Depths:3 | Reached skill level 15 in Spellcasting
 72480 | Depths:3 | Received a gift from Okawaru
 72569 | Depths:4 | Found a one-way gate to the infinite horrors of the Abyss.
 72580 | Depths:5 | Entered Level 5 of the Depths
 72582 | Depths:5 | Found a portal to a secret trove of treasure.
 72644 | Depths:5 | Got a bound wooden ring
 72645 | Depths:5 | Identified the ring "Miymogg" {MR+ EV+3} (You found it on level 5 of the Depths)
 72676 | Depths:5 | Found a gateway to a ziggurat.
 72830 | Depths:5 | Found a gate to the Realm of Zot.
 75078 | Slime:1  | Entered Level 1 of the Pits of Slime
 75119 | Slime:6  | Entered Level 6 of the Pits of Slime
 75141 | Slime:6  | Received a gift from Okawaru
 75146 | Slime:6  | Noticed the royal jelly
 75157 | Slime:6  | Found a viscous altar of Jiyva.
 75161 | Slime:6  | Killed the royal jelly
 75198 | Slime:6  | Got a slimy rune of Zot
 75817 | Depths:5 | Learned a level 5 spell: Silence
 75828 | Zot:1    | Entered Level 1 of the Realm of Zot
 75911 | Zot:3    | Reached XP level 22. HP: 107/107 MP: 42/42
 76221 | Zot:4    | Received a gift from Okawaru
 76267 | Zot:4    | Got a jewelled short sword {god gift}
 76268 | Zot:4    | Identified the +4 short sword "Pexorur" {holy, Str+4} (Okawaru gifted it to you on level 4 of the Realm of Zot)
 76611 | Zot:5    | Entered Level 5 of the Realm of Zot
 76950 | Zot:5    | Received a gift from Okawaru
 77332 | Zot:5    | Reached skill level 23 in Evocations
 77896 | Zot:5    | Noticed herpmino's ghost (legendary HaCj)
 78559 | Zot:5    | Noticed an orb of fire
 78605 | Zot:5    | Noticed an orb of fire
 78688 | Zot:5    | Noticed an orb of fire
 78701 | Zot:5    | Noticed an orb of fire
 78703 | Zot:5    | Noticed an orb of fire
 78704 | Zot:5    | Noticed an orb of fire
 78704 | Zot:5    | Noticed an orb of fire
 78708 | Zot:5    | Gained mutation: Your magical capacity is low (-10% MP). [an orb of fire]
 78709 | Zot:5    | Gained mutation: You tend to lose your temper in combat. [an orb of fire]
 78789 | Zot:5    | Lost mutation: Your magical capacity is low (-10% MP). [potion of cure mutation]
 78789 | Zot:5    | Lost mutation: You can translocate small distances at will. [potion of cure mutation]
 78789 | Zot:5    | Lost mutation: You tend to lose your temper in combat. [potion of cure mutation]
 78790 | Zot:5    | Gained mutation: You can spit weak poison. [potion of beneficial mutation]
 78985 | Zot:5    | Noticed an orb of fire
 79001 | Zot:5    | Noticed an orb of fire
 79018 | Zot:5    | Killed from afar by an orb of fire

Action                   |  1- 3 |  4- 6 |  7- 9 | 10-12 | 13-15 | 16-18 | 19-21 | 22-24 || total
-------------------------+-------+-------+-------+-------+-------+-------+-------+-------++-------
Melee: Dagger            |   188 |   200 |   773 |    17 |       |       |    73 |       ||  1251
       Rapier            |       |       |       |   570 |   761 |       |       |       ||  1331
       Quick blade       |       |       |       |       |  2006 |  2140 |  2367 |   274 ||  6787
       Falchion          |       |       |       |       |       |       |    33 |       ||    33
 Cast: Pain              |    16 |    24 |       |       |       |       |       |       ||    40
       Repel Missiles    |       |       |       |     1 |     1 |     3 |     1 |       ||     6
       Regeneration      |       |       |       |       |     2 |     1 |     2 |     3 ||     8
       Confuse           |       |       |       |       |       |    40 |    94 |       ||   134
       Cure Poison       |       |       |       |       |       |     3 |     1 |       ||     4
       Deflect Missiles  |       |       |       |       |       |     1 |     1 |     2 ||     4
       Discord           |       |       |       |       |       |       |     4 |     1 ||     5
       Blink             |       |       |       |       |       |       |       |     3 ||     3
Invok: Heroism           |       |       |     2 |       |     8 |    23 |    14 |     6 ||    53
       Finesse           |       |       |       |       |       |       |       |     1 ||     1
 Abil: Evoke Invisibilit |       |       |       |    14 |    29 |    30 |    26 |     8 ||   107
Evoke: Wand              |       |    13 |    37 |    21 |    57 |    36 |     6 |     2 ||   172
       Rod               |       |       |       |       |     2 |     8 |     1 |       ||    11
       Lamp of fire      |       |       |       |       |     2 |     4 |     3 |     1 ||    10
       Deck              |       |       |       |       |       |     3 |     1 |       ||     4
       Sack of spiders   |       |       |       |       |       |     2 |    20 |       ||    22
       Phial of floods   |       |       |       |       |       |     1 |     1 |     1 ||     3
       Box of beasts     |       |       |       |       |       |       |     5 |     7 ||    12
       Fan of gales      |       |       |       |       |       |       |     2 |     1 ||     3
  Use: Scroll            |       |    11 |     9 |     3 |    19 |    20 |    18 |    11 ||    91
       Potion            |       |     3 |     7 |     1 |       |     7 |    10 |    17 ||    45
 Stab: Sleeping          |    12 |    12 |    19 |    48 |   120 |    71 |   115 |    13 ||   410
       Confused          |       |     5 |    19 |    15 |    26 |    40 |    39 |       ||   144
       Distracted        |       |       |     5 |     6 |    23 |    27 |    18 |     1 ||    80
       Invisible         |       |       |       |    56 |   177 |   129 |   188 |    31 ||   581
       Petrified         |       |       |       |       |     1 |       |       |       ||     1
       Held in net/web   |       |       |       |       |       |       |     7 |       ||     7
  Eat: Bread ration      |       |     1 |     1 |       |     1 |     5 |     4 |     1 ||    13
       Fruit             |       |       |     2 |     4 |    11 |     8 |     7 |     5 ||    37
       Royal jelly       |       |       |     1 |     2 |     8 |     1 |       |       ||    12
       Pizza             |       |       |       |     1 |     5 |     2 |     4 |       ||    12
